 Dungeon Crawl Stone Soup version 0.31-a0-675-g238779eb0a (webtiles) character file.

Game seed: 4676684386929206465

739 Gargoyl the Chopper (level 7, 0/44 HPs)
             Began as a Gargoyle Berserker on Sept 5, 2023.
             Was a Believer of Trog.
             Slain by Duvessa
             ... wielding a +0 short sword
              (8 damage)
             ... on level 5 of the Dungeon.
             The game lasted 00:04:25 (3187 turns).

Gargoyl the Chopper (Gargoyle Berserker)            Turns: 3187, Time: 00:04:25

Health: 0/44       AC: 20    Str: 20    XL:     7   Next: 75%
Magic:  16/16      EV:  9    Int:  8    God:    Trog [**....]
Gold:   257        SH:  0    Dex: 11    Spells: 6/6 levels left

rFire   . . .        o - +1 war axe
rCold   . . .        (no shield)
rNeg    + . .        c - +1 chain mail
rPois   ∞            g - +0 helmet
rElec   +            (no cloak)
rCorr   .            m - +2 pair of gloves {Stlth+}
SInv    .            (no boots)
Will    .....        (no amulet) Stlth
                     i - ring of magical power
HPRegen 0.27/turn    (no ring)
MPRegen 0.15/turn

%: no passive effects
@: on berserk cooldown, slowed, very slow
A: sickness immunity, AC +4, negative energy resistance 1, electricity
resistance, torment resistance 1, petrification resistance
a: Renounce Religion, Berserk, Trog's Hand


You were on level 5 of the Dungeon.
You worshipped Trog.
Trog was pleased with you.
You visited 1 branch of the dungeon, and saw 5 of its levels.

You collected 257 gold pieces.

Inventory:

Hand Weapons
 a - a +0 hand axe
 o - a +1 war axe (weapon)
Armour
 c - a +1 chain mail (worn)
 g - a +0 helmet (worn)
 l - a +0 pair of gloves
 m - a +2 pair of gloves of stealth (worn)
Jewellery
 i - a ring of magical power (left hand)
Scrolls
 b - a scroll of poison
 h - 3 scrolls of identify
 j - 2 scrolls of teleportation
Potions
 d - 2 potions of enlightenment
 e - 2 potions of curing {unknown}
 f - a potion of heal wounds {unknown}
 k - a potion of brilliance {unknown}
 n - a potion of lignification {unknown}


   Skills:
 + Level 4.8 Fighting
 + Level 6.1 Axes
 + Level 4.8 Armour
 + Level 2.4 Dodging
 + Level 0.1 Stealth


You had 6 spell levels left.
You didn't know any spells.
Your spell library was empty.

Dungeon Overview and Level Annotations

Branches:
Dungeon (5/15)
 Temple: D:4-7

Altars:
Gozag
Sif Muna

Shops:
D:4 *

Annotations:
D:5 Duvessa


Innate Abilities, Weirdness & Mutations

You are immune to sickness and miasma.
Your stone body is resilient. (AC +4)
You are immune to poison.
You resist negative energy. (rN+)
You are resistant to electric shocks. (rElec)
You are resistant to unholy torment.
You are immune to petrification.


Message History

You closely miss Dowan. Duvessa hits you but does no damage.
Dowan hits you but does no damage.
Unknown command.
You slash Dowan!
You kill Dowan!
Trog accepts your kill.
Trog appreciates your killing of a magic user.
Duvessa screams in rage.
Duvessa goes berserk!
You hit Duvessa but do no damage.
Duvessa hits you but does no damage. x2; Duvessa barely misses you.
Your Axes skill increases to level 6!
Duvessa attacks as she pursues you! Duvessa hits you with a +0 short sword.
Duvessa hits you with a +0 short sword!
Items here: )) [ †.
Unknown command.
You hit Duvessa.
Duvessa is almost dead.
Duvessa hits you with a +0 short sword. x2
Duvessa hits you but does no damage.
You barely miss Duvessa.
Duvessa is almost dead.
Duvessa completely misses you. Duvessa hits you but does no damage. x2
You closely miss Duvessa.
Duvessa is almost dead.
Duvessa hits you but does no damage. Duvessa barely misses you.
Duvessa hits you with a +0 short sword.
You barely miss Duvessa.
Duvessa is almost dead.
Duvessa hits you with a +0 short sword!
* * * LOW HITPOINT WARNING * * *
Duvessa hits you but does no damage.
You hit Duvessa.
Duvessa is almost dead.
Duvessa misses you. Duvessa barely misses you.
Duvessa hits you with a +0 short sword.
* * * LOW HITPOINT WARNING * * *
You closely miss Duvessa.
Duvessa is almost dead.
Duvessa hits you but does no damage. Duvessa hits you with a +0 short sword!
You die...

...# ..##.. .... .....
.. .....#.... . .
.....#... !#..
......... .....
........##..#..
###............
......#@)......
..#...#e##..###
......#)##..# ..
..#.........# ...#
........##..###...#...
###.....#.............
.....................#
.....................#
..###...##..##.......#
.


You could see Duvessa (berserk).

Vanquished Creatures
  A sky beast (D:4)
  An ogre (D:4)
  2 phantoms
  2 scorpions
  Dowan (D:5)
  A hound (D:4)
  A jelly (D:4)
  An iguana (D:5)
  5 gnolls
  4 adders
  An ufetubus (D:4)
  A worm (D:2)
  2 dart slugs
  10 orcs
  3 ball pythons
  4 endoplasms
  3 giant cockroaches
  10 goblins
  3 hobgoblins
  6 jackals
  4 kobolds
  5 quokkas
  3 bats
  A frilled lizard (D:1)
  6 rats
81 creatures vanquished.

Notes
Turn   | Place    | Note
-------+----------+-------------------------------------------
     0 | D:1      | Gargoyl the Gargoyle Berserker began the quest for the Orb.
     0 | D:1      | Reached XP level 1. HP: 14/14 MP: 1/1
   176 | D:1      | Reached XP level 2. HP: 19/19 MP: 2/2
   203 | D:1      | Reached skill level 3 in Axes
   408 | D:1      | Found a faded altar of an unknown god.
   578 | D:1      | Reached XP level 3. HP: 24/24 MP: 3/3
   727 | D:2      | Reached ** piety under Trog
   943 | D:2      | Reached XP level 4. HP: 29/29 MP: 4/4
  1116 | D:2      | You fall into a shaft and drop 1 floor!
  2093 | D:4      | Noticed a scorpion
  2100 | D:4      | Reached XP level 5. HP: 33/33 MP: 5/5
  2102 | D:4      | Reached skill level 4 in Axes
  2110 | D:4      | Noticed a phantom
  2133 | D:4      | Killed a phantom
  2134 | D:4      | Reached XP level 6. HP: 19/39 MP: 6/6
  2350 | D:4      | Noticed a sky beast
  2379 | D:4      | Killed a sky beast
  2380 | D:4      | Reached skill level 5 in Axes
  2380 | D:4      | Reached XP level 7. HP: 42/44 MP: 7/7
  2466 | D:4      | Found an opulent altar of Gozag.
  2781 | D:4      | Found an opulent altar of Gozag.
  2785 | D:4      | Found Gozag's Platinum Reserve.
  3044 | D:4      | Found a shimmering blue altar of Sif Muna.
  3100 | D:5      | Entered Level 5 of the Dungeon
  3155 | D:5      | Noticed Duvessa
  3156 | D:5      | Noticed Dowan
  3180 | D:5      | Killed Dowan
  3181 | D:5      | Reached skill level 6 in Axes
  3187 | D:5      | Slain by Duvessa

Illustrated notes

Levels and vault maps discovered:
D:1:      minmay_arrival_doors, layout_basic,
          ebering_ecumenical_altar_abandoned, serial_bayou_pond_b,
          feat_on_display
D:2:      layout_loops_cross
D:3:      layout_rooms
D:4:      kennysheep_spiral_hall, layout_basic, led_sif_book,
          nicolae_gozag_zags_fifth_avenue, minivault_4, kennysheep_small_circle
D:5:      layout_basic, lemuel_round_altar, lemuel_coloured_pillars_altar,
          uniq_duvessa

Skill      XL: |  1  2  3  4  5  6  7 |
---------------+----------------------+-----
Axes           | 3 4 5 6 |  6.1
Fighting       | 4 |  4.8
Dodging        | 2 |  2.4
Armour         | 3 4 |  4.8
Stealth        | |  0.1

Action                     |  1- 3 |  4- 6 |  7- 9 || total
---------------------------+-------+-------+-------++-------
  Melee: Hand axe          |   111 |   133 |    68 ||   312
         War axe           |       |       |    37 ||    37
         Punch             |       |       |     1 ||     1
 Invoke: Berserk           |     1 |     2 |     1 ||     4
         Trog's Hand       |       |     3 |     1 ||     4
    Use: Scroll            |     4 |     4 |     1 ||     9
 Armour: Chain mail        |   103 |   130 |   124 ||   357
         Animal skin       |     6 |       |       ||     6
  Dodge: Dodged            |    67 |    62 |    45 ||   174

Table legend: (Time is in decaauts)
 A = Elapsed time spent in this place.
 B = Non-inter-level travel time spent in this place.
 C = Inter-level travel time spent in this place.
 D = Time resting spent in this place.
 E = Time spent auto-exploring this place.
 F = Levels seen in this place.
 G = Mean time per level.
                   A        B        C        D        E       F      G
               +--------+--------+--------+--------+--------+-----+--------+
         Total |   3260 |   3164 |     96 |      0 |   2241 |   5 |  652.0 |
       Dungeon |   3260 |   3164 |     96 |      0 |   2241 |   5 |  652.0 |
               +--------+--------+--------+--------+--------+-----+--------+

Top non-repeatable levels by time:
     D:4: 1202 daAuts
     D:2: 831 daAuts
     D:1: 608 daAuts
     D:3: 521 daAuts
     D:5: 97 daAuts
